 Dungeon Crawl Stone Soup version 0.26-a0-661-g406de6ba63 (webtiles) character file.

Game seed: 14665902844694406378

45 lunkers the Sneak (level 3, -12/23 HPs)
             Began as a Kobold Delver on Oct 8, 2020.
             Killed by nerve-wracking pain
             ... invoked by a shadow imp
              (14 damage)
             ... on level 5 of the Dungeon.
             The game lasted 00:00:56 (74 turns).

lunkers the Sneak (Kobold Delver)                     Turns: 74, Time: 00:00:56

Health: -12/23     AC:  3    Str:  9    XL:     3   Next: 90%
Magic:  3/3        EV: 14    Int: 11    God:
Gold:   0          SH:  0    Dex: 17    Spells: 2/2 levels left

rFire    . . .     SeeInvis .   a - +0 short sword
rCold    . . .     Faith    .   (shield restricted)
rNeg     . . .     Spirit   .   b - +0 leather armour
rPois    .         Reflect  .   (no helmet)
rElec    .         Harm     .   (no cloak)
rCorr    .         Rampage  .   (no gloves)
MR       .....                  (no boots)
Stlth    +++++.....             (no amulet)
HPRegen  0.07/turn              (no ring)
MPRegen  0.08/turn              (no ring)

@: no status effects
A: small, nightstalker 3
a: no special abilities


You were on level 5 of the Dungeon.
You visited 1 branch of the dungeon, and saw 1 of its levels.

Inventory:

Hand Weapons
 a - a +0 short sword (weapon)
Armour
 b - a +0 leather armour (worn)
Wands
 g - a wand of digging (3)
Scrolls
 c - a scroll of fog
 d - a scroll of magic mapping
 e - a scroll of fear
Potions
 f - a potion of haste


   Skills:
 - Level 3.2 Fighting
 + Level 4.1 Short Blades
 - Level 2.4 Dodging
 + Level 7.5 Stealth


You had 2 spell levels left.
You didn't know any spells.
Your spell library was empty.

Dungeon Overview and Level Annotations

Branches:
Dungeon (5/15)
 Temple: D:4-7

Altars:


Innate Abilities, Weirdness & Mutations

You are small and have problems with some larger weapons.
You are completely attuned to the shadows.


Message History

You kill the gnoll!
Your Short Blades skill increases to level 4!
The shadow imp shouts, "Scamper away, thou yeasty milk-livered cross-patch!"
The gnoll shouts!
You hear a shout!
The gnoll hits you with a +0 flail!
* * * LOW HITPOINT WARNING * * *
The shadow imp barely misses you.
A shadow imp comes into view.
The gnoll closely misses you. The shadow imp gestures at you.
Pain shoots through your body!
* * * LOW HITPOINT WARNING * * *
An adder comes into view.
The gnoll hits you with a +0 whip!
* * * LOW HITPOINT WARNING * * *
The adder barely misses you. The shadow imp gestures at you.
Pain shoots through your body!
Ouch! That really hurt!
You die...

.................##
##..##.....##....##
#.#[.###..#.........##
.....##....#.........#
.......5g..#...###..##
.....#.5#..#..## ####
....##g.#.....#
.......###..###
#....@.#####
......S...##
...........#
....#......##
##..#>.##...##
#.....##.....#
......###...## ##.#.##
##### ###.#


You could see 2 gnolls, an adder and 2 shadow imps.

Vanquished Creatures
  A worker ant (D:5)
  2 gnolls (D:5)
3 creatures vanquished.

Notes
Turn   | Place    | Note
-------+----------+-------------------------------------------
     0 | D:5      | lunkers the Kobold Delver began the quest for the Orb.
     0 | D:5      | Reached XP level 1. HP: 14/14 MP: 1/1
    20 | D:5      | Noticed a worker ant
    22 | D:5      | Noticed an orc priest
    24 | D:5      | Killed a worker ant
    24 | D:5      | Reached skill level 7 in Stealth
    24 | D:5      | Reached XP level 2. HP: 19/19 MP: 2/2
    24 | D:5      | Reached XP level 3. HP: 23/23 MP: 3/3
    74 | D:5      | Killed from afar by a shadow imp

Illustrated notes

Levels and vault maps discovered:
D:5:      layout_cave_pools

Skill      XL: |  1  2  3 |
---------------+----------+-----
Short Blades   | 3 4 |  4.1
Stealth        | 7 |  7.5
Fighting       | |  3.2
Dodging        | |  2.4

Action                   || total
-------------------------++-------
Melee: Short sword       ||     3
 Stab: Sleeping          ||     3
Dodge: Dodged            ||     3

Table legend: (Time is in decaauts)
 A = Elapsed time spent in this place.
 B = Non-inter-level travel time spent in this place.
 C = Inter-level travel time spent in this place.
 D = Time resting spent in this place.
 E = Time spent auto-exploring this place.
 F = Levels seen in this place.
 G = Mean time per level.
                   A        B        C        D        E       F      G
               +--------+--------+--------+--------+--------+-----+--------+
         Total |     73 |     73 |      0 |      0 |     34 |   1 |   73.0 |
       Dungeon |     73 |     73 |      0 |      0 |     34 |   1 |   73.0 |
               +--------+--------+--------+--------+--------+-----+--------+

Top non-repeatable levels by time:
     D:5: 73 daAuts
